 Dungeon Crawl Stone Soup version 0.29.1-1-gd02db6906a (webtiles) character file.

Game seed: 4618789516303508544

65 fireball365 the Digger (level 3, -1/26 HPs)
             Began as a Demigod Earth Elementalist on Oct 8, 2022.
             Slain by a goblin
             ... wielding a +0 dagger
             ... led by Robin
              (2 damage)
             ... on level 2 of the Dungeon.
             The game lasted 00:07:56 (2672 turns).

fireball365 the Digger (Demigod Earth Elementalist) Turns: 2672, Time: 00:07:57

Health: -1/26      AC:  6    Str: 13    XL:     3   Next: 66%
Magic:  1/9        EV:  9    Int: 17    God:
Gold:   36         SH:  0    Dex: 14    Spells: 5/6 levels left

rFire   . . .      SeeInvis .   j - +0 dagger
rCold   . . .      Faith    .   (no shield)
rNeg    . . .      Spirit   .   h - +0 scale mail
rPois   .          Reflect  .   (no helmet)
rElec   .          Harm     .   (no cloak)
rCorr   .          Rampage  .   (no gloves)
Will    .....                   (no boots)
Stlth   +.........              (no amulet)
HPRegen 0.08/turn               (no ring)
MPRegen 0.11/turn               (no ring)

@: no status effects
A: high MP 1, forlorn, divine attributes
a: no special abilities


You were on level 2 of the Dungeon.
You visited 1 branch of the dungeon, and saw 2 of its levels.

You collected 36 gold pieces.

Inventory:

Hand Weapons
 j - a +0 dagger (weapon)
Missiles
 c - 11 stones
Armour
 a - a +0 robe
 h - a +0 scale mail (worn)
 i - a +0 chain mail
Scrolls
 f - a scroll of brand weapon {unknown}
 g - a scroll of amnesia {unknown}
 k - a scroll of magic mapping {unknown}
 l - a scroll of teleportation {unknown}
 m - a scroll of butterflies {unknown}
Potions
 b - a potion of magic
 d - a potion of curing
 e - a potion of degeneration {unknown}


   Skills:
 + Level 0.1 Fighting
 + Level 0.6 Short Blades
 + Level 0.7 Armour
 + Level 2.1 Dodging
 + Level 2.1 Stealth
 + Level 2.2 Spellcasting
 + Level 1.0 Transmutations
 + Level 3.2 Earth Magic


You had 5 spell levels left.
You knew the following spells:

 Your Spells              Type           Power      Damage    Failure   Level
a - Sandblast             Erth           26%        2d8       24%         1

Your spell library contained the following spells:

 Spells                   Type           Power      Damage    Failure   Level
 Passwall                 Tmut/Erth      7%         N/A       50%         2
 Stone Arrow              Conj/Erth      14%        3d7       80%         3
 Petrify                  Tmut/Erth      9%         N/A       98%         4


Dungeon Overview and Level Annotations

Branches:
Dungeon (2/15)

Annotations:
D:2 Robin


Innate Abilities, Weirdness & Mutations

You have an increased reservoir of magic. (+10% MP)
You shall have no god before yourself.
Your divine heritage dramatically boosts your attributes as you level up.


Message History

Robin of the Strong Arm comes into view.
They are wielding a +1 whip of distortion.
The blast of sand hits the goblin!
You kill the goblin!
The goblin shoots a sling bullet.
The sling bullet closely misses you.
The goblin shoots a sling bullet.
The sling bullet hits you but does no damage.
The blast of sand hits the goblin.
You kill the goblin!
The blast of sand hits the hobgoblin.
The hobgoblin is lightly wounded.
Robin roars a battlecry!
The goblins go into a battle-frenzy!
The hobgoblin barely misses you.
The blast of sand hits the hobgoblin.
You kill the hobgoblin!
The goblin hits you with a +0 dagger of draining.
You feel drained.
The blast of sand hits the goblin!
You kill the goblin!
Robin throws the goblin at you! The goblin hits you with a +0 dagger.
The goblin unwields a +0 sling.
The goblin wields a +0 dagger.
The goblin hits you but does no damage.
Your life force feels restored.
You closely miss the goblin.
The goblin hits you but does no damage. x2
You hit the goblin but do no damage. The goblin barely misses you. x2
You barely miss the goblin.
The goblin hits you with a +0 dagger. x2
You hit the goblin.
The goblin is severely wounded.
The goblin closely misses you. x2
You closely miss the goblin.
The goblin is severely wounded.
The goblin hits you with a +0 dagger. x2
* * * LOW HITPOINT WARNING * * *
You hit the goblin.
You kill the goblin!
The goblin hits you with a +0 dagger.
* * * LOW HITPOINT WARNING * * *
The goblin attacks as you move away! The goblin closely misses you.
Robin throws the goblin at you! The goblin hits you with a +0 dagger.
You die...

.........'........#
.........#.##...#.#
#.......##........#
##.....######....##
##...## #.....#
##)##### #...g##
#......# ####)#
#..###.# #.#
###..### #@#
.......# #g#
##.....# #.#
##....#.# #!#
#......# #.#
##.#...... ..#
#.####### ### #.#
#.#


You could see Robin and a goblin (strong).

Vanquished Creatures
  3 worms (D:2)
  A dart slug (D:1)
  6 ball pythons (D:1)
  A bat (D:1)
  3 endoplasms
  A giant cockroach (D:1)
  11 goblins
  8 hobgoblins
  5 kobolds
  2 quokkas (D:1)
  2 frilled lizards (D:1)
  5 rats
48 creatures vanquished.

Notes
Turn   | Place    | Note
-------+----------+-------------------------------------------
     0 | D:1      | fireball365 the Demigod Earth Elementalist began the quest
                  | for the Orb.
     0 | D:1      | Reached XP level 1. HP: 14/14 MP: 5/5
   385 | D:1      | Reached XP level 2. HP: 3/20 MP: 5/7
   795 | D:1      | Reached skill level 1 in Transmutations
  1044 | D:1      | Reached skill level 3 in Earth Magic
  1586 | D:1      | Reached XP level 3. HP: 26/26 MP: 6/8
  1913 | D:2      | HP: 1/26 [worm (7)]
  2660 | D:2      | Noticed Robin
  2671 | D:2      | HP: 1/26 [goblin/+0 dagger[Robin] (5)]
  2672 | D:2      | Slain by a goblin

Illustrated notes

Levels and vault maps discovered:
D:1:      dpeg_arrival_rhombi, layout_basic
D:2:      layout_loops_corners, uniq_robin

Skill      XL: |  1  2 |
---------------+-------+-----
Stealth        | 2 |  2.1
Dodging        | 2 |  2.1
Spellcasting   | 2 |  2.2
Transmutations | 1 |  1.0
Earth Magic    | 3 |  3.2
Fighting       | |  0.1
Short Blades   | |  0.6
Armour         | |  0.7

Action                   || total
-------------------------++-------
Melee: Unarmed           ||    15
       Punch             ||     1
       Dagger            ||    95
 Cast: Sandblast         ||    55
  Use: Potion            ||     1
Armor: Robe              ||     8
       Scale mail        ||    35
       Chain mail        ||    13
Dodge: Dodged            ||    96
